 Dungeon Crawl Stone Soup version 0.27-a0-1113-gb2b6fe9c5e (webtiles) character file.

Game seed: 8460331104896177290

75 Lakar the Digger (level 4, -7/24 HPs)
             Began as a Gargoyle Earth Elementalist on May 1, 2021.
             Killed by divine providence
             ... invoked by an orc priest
              (13 damage)
             ... on level 3 of the Dungeon.
             The game lasted 00:04:48 (2026 turns).

Lakar the Digger (Gargoyle Earth Elementalist)      Turns: 2026, Time: 00:04:48

Health: -7/24      AC:  8    Str: 11    XL:     4   Next: 31%
Magic:  1/8        EV: 15    Int: 17    God:
Gold:   81         SH:  0    Dex: 10    Spells: 4/8 levels left

rFire    . . .     SeeInvis .   d - +0 dagger
rCold    . . .     Faith    .   (no shield)
rNeg     + + .     Spirit   .   c - +0 robe
rPois    ∞         Reflect  .   e - +0 helmet
rElec    +         Harm     .   a - +1 cloak
rCorr    .         Rampage  .   i - +0 pair of gloves
Will     .....     Clarity  +   (no boots)
Stlth    ++........             (no amulet)
HPRegen  0.08/turn              l - ring of positive energy
MPRegen  0.11/turn              m - +4 ring of evasion

@: very slightly contaminated
A: AC +3, negative energy resistance 1, electricity resistance, torment
resistance 1, unbreathing 1, petrification resistance, clarity, deformed body
a: no special abilities


You were on level 3 of the Dungeon.
You visited 1 branch of the dungeon, and saw 3 of its levels.

You collected 81 gold pieces.

Inventory:

Hand Weapons
 d - a +0 dagger (weapon)
 j - a +0 mace
Missiles
 b - 64 stones
Armour
 a - a +1 cloak (worn)
 c - a +0 robe (worn)
 e - a +0 helmet (worn)
 i - a +0 pair of gloves (worn)
Jewellery
 l - a ring of positive energy (left hand)
 m - a +4 ring of evasion (right hand)
Potions
 f - a potion of heal wounds
 g - a potion of mutation
 h - a potion of cancellation {unknown}
 k - a potion of curing {unknown}


   Skills:
 + Level 1.0 Short Blades
 - Level 1.5 Dodging
 - Level 2.1 Stealth
 + Level 2.9 Spellcasting
 + Level 1.1 Conjurations
 - Level 0.7 Transmutations
 + Level 4.6 Earth Magic


You had 4 spell levels left.
You knew the following spells:

 Your Spells              Type           Power      Damage    Failure   Level
a - Sandblast             Erth           36%        2d10      2%          1
b - Stone Arrow           Conj/Erth      24%        3d8       16%         3

Your spell library contained the following spells:

 Spells                   Type           Power      Damage    Failure   Level
 Passwall                 Tmut/Erth      9%         N/A       9%          2
 Petrify                  Tmut/Erth      11%        N/A       50%         4
 Lee's Rapid Deconstruct  Erth           9%         3d8*      58%         5


Dungeon Overview and Level Annotations

Branches:
Dungeon (3/15)

Altars:


Innate Abilities, Weirdness & Mutations

Your stone body is resilient. (AC +3)
You are immune to poison.
You resist negative energy. (rN+)
You are resistant to electric shocks. (rElec)
You are resistant to unholy torment.
You can survive without breathing.
You are immune to petrification.
You possess an exceptional clarity of mind.
Armour fits poorly on your strangely shaped body.


Message History

Aim: an orc wizard, wielding a +0 dagger and wearing a +0 robe (lightly wounded, 74% to hit)
Okay, then.
Okay, then.
Unknown command.
Casting: Sandblast (safe; 2% risk of failure)
Confirm with . or Enter, or press ? or * to list all spells.
Aiming: Sandblast (safe; 2% risk of failure)
Press: ? - help, Shift-Dir - straight line, f/p - orc wizard
Aim: an orc wizard, wielding a +0 dagger and wearing a +0 robe (lightly wounded, 74% to hit)
The blast of sand hits the orc wizard.
The orc wizard is moderately wounded.
The orc priest closely misses you.
The orc wizard gestures at you while chanting.
The magic dart hits you.
It was a potion of mutation.
You feel extremely strange.
Your body twists and deforms.
Your thoughts seem clearer.
The orc priest closely misses you. The orc wizard misses you.
Unknown command.
Casting: Sandblast (safe; 2% risk of failure)
Confirm with . or Enter, or press ? or * to list all spells.
Aiming: Sandblast (safe; 2% risk of failure)
Press: ? - help, Shift-Dir - straight line, f - orc priest, p - orc wizard
Aim: an orc priest, wielding a +0 club and wearing a +0 leather armour (79% to hit)
The blast of sand hits the orc priest!
The orc priest is almost dead.
The orc priest invokes the aid of Beogh against you.
Beogh smites you!
Ouch! That really hurt!
* * * LOW HITPOINT WARNING * * *
The orc wizard completely misses you.
You feel much better.
The orc priest invokes the aid of Beogh against you.
Beogh smites you!
Ouch! That really hurt!
* * * LOW HITPOINT WARNING * * *
The orc wizard closely misses you.
The orc priest mumbles some strange prayers to Beogh against you.
Beogh smites you!
Ouch! That really hurt!
You die...

.... ##### .... ....#
####..# ....#
###.....# ....#
######.......# ....#
#.........)..#
....#####.#...##oo.o.#
PP...#....#.###.@#
.P............).##
PP.######..†.#### #
.P.# #....#.#### .#
.P.# #....##....###...
.P.# #..######........
.P.....# #........ .P.
##. #<....... .P. .
...............


You could see 2 orc priests and an orc wizard.

Vanquished Creatures
  An orc wizard (D:3)
  An adder (D:3)
  7 orcs
  7 endoplasms
  A giant cockroach (D:3)
  5 goblins
  A quokka (D:1)
  2 ball pythons
  2 bats (D:1)
  A frilled lizard (D:3)
  4 kobolds
  4 rats
36 creatures vanquished.

Notes
Turn   | Place    | Note
-------+----------+-------------------------------------------
     0 | D:1      | Lakar the Gargoyle Earth Elementalist began the quest for
                  | the Orb.
     0 | D:1      | Reached XP level 1. HP: 10/10 MP: 3/3
   448 | D:1      | Reached skill level 4 in Earth Magic
   448 | D:1      | Reached XP level 2. HP: 15/15 MP: 1/5
   648 | D:1      | Found a faded altar of an unknown god.
  1604 | D:2      | Reached XP level 3. HP: 19/19 MP: 4/6
  1608 | D:2      | Learned a level 3 spell: Stone Arrow
  1972 | D:3      | Reached skill level 1 in Short Blades
  1972 | D:3      | Reached skill level 1 in Conjurations
  1972 | D:3      | Reached XP level 4. HP: 13/24 MP: 3/8
  2024 | D:3      | Gained mutation: Armour fits poorly on your strangely
                  | shaped body. [potion of mutation]
  2024 | D:3      | Gained mutation: You possess an exceptional clarity of
                  | mind. [potion of mutation]
  2025 | D:3      | HP: 1/24 [orc priest/divine providence (13)]
  2026 | D:3      | Killed from afar by an orc priest

Illustrated notes

Levels and vault maps discovered:
D:1:      dpeg_arrival_fog, layout_loops_ring, ebering_ecumenical_altar_rust
D:2:      layout_rooms, guppyfry_early_lair_pool
D:3:      layout_rooms, lemuel_tele_altar, minmay_hedge_maze, uniq_ijyb

Skill      XL: |  1  2  3 |
---------------+----------+-----
Earth Magic    | 4 |  4.6
Short Blades   | 1 |  1.0
Conjurations   | 1 |  1.1
Dodging        | |  1.5
Stealth        | |  2.1
Spellcasting   | |  2.9
Transmutations | |  0.7

Action                   |  1- 3 |  4- 6 || total
-------------------------+-------+-------++-------
Melee: Dagger            |   101 |     1 ||   102
 Cast: Sandblast         |    33 |     7 ||    40
  Use: Scroll            |     3 |       ||     3
       Potion            |     1 |     2 ||     3
 Stab: Sleeping          |     1 |       ||     1
Armor: Robe              |    36 |     1 ||    37
Dodge: Dodged            |    42 |     8 ||    50

Table legend: (Time is in decaauts)
 A = Elapsed time spent in this place.
 B = Non-inter-level travel time spent in this place.
 C = Inter-level travel time spent in this place.
 D = Time resting spent in this place.
 E = Time spent auto-exploring this place.
 F = Levels seen in this place.
 G = Mean time per level.
                   A        B        C        D        E       F      G
               +--------+--------+--------+--------+--------+-----+--------+
         Total |   2024 |   1963 |     61 |     83 |   1465 |   3 |  674.7 |
       Dungeon |   2024 |   1963 |     61 |     83 |   1465 |   3 |  674.7 |
               +--------+--------+--------+--------+--------+-----+--------+

Top non-repeatable levels by time:
     D:1: 1062 daAuts
     D:2: 559 daAuts
     D:3: 403 daAuts
